 Dungeon Crawl Stone Soup version 0.28-a0-445-g51f8dfeb47 (webtiles) character file.

Game seed: 11643796918913996127

1101 Morbidden the Insei (level 7, -1/57 HPs)
             Began as a Demigod Transmuter on Sept 13, 2021.
             Succumbed to Edmund's poison
             ... on level 4 of the Dungeon.
             The game lasted 00:07:48 (6707 turns).

Morbidden the Insei (Demigod Transmuter)            Turns: 6707, Time: 00:07:48

Health: -1/57      AC:  2    Str: 11    XL:     7   Next: 85%
Magic:  14/16      EV: 20    Int: 23    God:
Gold:   227        SH:  0    Dex: 19    Spells: 8/13 levels left

rFire   . . .      SeeInvis .     - Unarmed
rCold   . . .      Faith    .   (shield currently unavailable)
rNeg    . . .      Spirit   .   (armour currently unavailable)
rPois   x          Reflect  .   (helmet currently unavailable)
rElec   .          Harm     .   (cloak currently unavailable)
rCorr   .          Rampage  .   (gloves currently unavailable)
Will    .....                   (boots currently unavailable)
Stlth   ++........              (no amulet)
HPRegen 0.19/turn               (no ring)
MPRegen 0.15/turn               (no ring)

@: lethally poisoned (-1 -> -59), spider-form (expiring)
A: venomous fangs, tiny, high mp 1, forlorn
a: End Transformation


You were on level 4 of the Dungeon.
You were a venomous arachnid creature.
You visited 1 branch of the dungeon, and saw 4 of its levels.
You also visited: Sewer.

You collected 227 gold pieces.

Inventory:

Missiles
 l - 3 silver javelins
Armour
 i - a +1 troll leather armour (melded) {Purgy}
 k - a scarf of invisibility (melded)
Jewellery
 o - a ring of fire
Wands
 n - a wand of polymorph (7)
Scrolls
 a - a scroll of torment
 b - a scroll of fear
 c - 2 scrolls of identify
 e - a scroll of enchant armour
 f - a scroll of teleportation
Potions
 d - 3 potions of heal wounds
 g - 2 potions of attraction {unknown}
 h - a potion of might {unknown}
 j - 2 potions of curing {unknown}
 m - a potion of ambrosia {unknown}
 p - a potion of berserk rage


   Skills:
 * Level 3.0 Fighting
 + Level 1.3 Armour
 + Level 2.5 Dodging
 + Level 0.3 Stealth
 * Level 5.0 Unarmed Combat
 * Level 3.9 Spellcasting
 * Level 2.3 Necromancy
 * Level 3.5 Transmutations
 * Level 2.6 Poison Magic


You had 8 spell levels left.
You knew the following spells:

 Your Spells              Type           Power      Damage    Failure   Level
a - Pain                  Necr           60%        1d7       13%         1
b - Spider Form           Tmut/Pois      9%         N/A       22%         3
c - Beastly Appendage     Tmut           40%        N/A       10%         1

Your spell library contained the following spells:

 Spells                   Type           Power      Damage    Failure   Level
 Wereblood                Tmut           20%        N/A       12%         2
 Animate Skeleton         Necr           30%        N/A       13%         1
 Magic Dart               Conj           16%        1d3       26%         1
 Summon Small Mammal      Summ           16%        N/A       26%         1
 Vampiric Draining        Necr           7%         2d7       28%         3
 Call Imp                 Summ           4%         N/A       34%         2
 Mephitic Cloud           Conj/Pois/Air  8%         N/A       43%         3
 Call Canine Familiar     Summ           4%         N/A       54%         3
 Summon Guardian Golem    Hex/Summ       4%         N/A       54%         3
 Ice Form                 Ice/Tmut       12%        N/A       67%         4
 Agony                    Necr           15%        N/A       88%         5
 Excruciating Wounds      Necr           7%         N/A       88%         5


Dungeon Overview and Level Annotations

Branches:
Dungeon (4/15)              Sewer (visited)
 Temple: D:4-7

Annotations:
D:3 3 runed translucent doors, GenialerGandalf's ghost, weakling HOFi; paps's ghost, amateur DsGl
D:4 Edmund


Innate Abilities, Weirdness & Mutations

You are a venomous arachnid creature.
You have poisonous fangs.
You are tiny and dextrous.
Your spellcasting is less reliable in this form.
Your armour is entirely melded.
You are incapable of wielding weapons or throwing items.
Your attributes grow dramatically as you level up.
You have an increased reservoir of magic. (+10% MP)
You shall have no god before yourself.


Message History

Confirm with . or Enter, or press ? or * to list all spells.
You turn into a venomous arachnid creature.
Your scarf of invisibility melds into your body.
Your +1 troll leather armour {Purgy} melds into your body.
Unknown command.
No target in view!
No target in view!
No target in view!
Edmund shouts!
You hit Edmund but do no damage.
Edmund is poisoned.
Edmund hits you with a +5 dire flail of venom!
You are poisoned.
You hit Edmund.
Edmund looks as sick as possible!
Edmund is lightly wounded.
You feel extremely sick.
You hit Edmund.
Edmund looks as sick as possible!
Edmund is moderately wounded.
You feel very sick. Edmund closely misses you.
You bite Edmund!
Edmund looks as sick as possible!
Edmund is heavily wounded.
You feel very sick.
Edmund drinks a potion.
Edmund is healed!
You completely miss Edmund.
Edmund is lightly wounded.
You feel very sick. Edmund barely misses you.
You are too injured to fight recklessly!
You feel very sick.
Unknown command.
You hit Edmund but do no damage.
Edmund is lightly wounded.
Your transformation is almost over.
You feel sick.
Edmund hits you with a +5 dire flail of venom!
* * * LOW HITPOINT WARNING * * *
You are lethally poisoned!
You hit Edmund but do no damage.
Edmund looks as sick as possible!
Edmund is moderately wounded.
You die...

#.# #.# #.# #####
#)# #...# #.#####
#...# ......#
#...## ..###.#
+....+ .####.#
####...## ......#
#....@s.# ..###.#
#.#####.# ..#####
#.# ..).5.# #.#
..###5# ####.# ..#
#.########....# ...
55.......'...>#
.###....######...##
.# #.##.# #...#


You could see Edmund (extremely poisoned).

Vanquished Creatures
  Pikel (D:4)
  A water moccasin (Sewer)
  Purgy (D:3)
  A phantom (D:4)
  Blork the orc (D:4)
  A hound (D:4)
  A bullfrog skeleton (D:4)
  2 iguanas (D:4)
  An orc wizard (D:3)
  A hound skeleton (D:4)
  6 adders
  2 river rats (D:4)
  An ufetubus (D:4)
  3 worms
  A dart slug (D:1)
  4 orcs (D:3)
  11 endoplasms
  7 giant cockroaches
  8 goblins
  4 hobgoblins
  5 jackals (D:1)
  4 quokkas
  6 ball pythons
  8 bats
  4 frilled lizards
  4 kobolds
  7 rats
96 creatures vanquished.

Notes
Turn   | Place    | Note
-------+----------+-------------------------------------------
     0 | D:1      | Morbidden the Demigod Transmuter began the quest for the
                  | Orb.
     0 | D:1      | Reached XP level 1. HP: 15/15 MP: 5/5
   381 | D:1      | Reached skill level 3 in Unarmed Combat
   818 | D:1      | Reached XP level 2. HP: 22/22 MP: 5/7
   855 | D:1      | Reached skill level 1 in Fighting
  2039 | D:2      | Reached XP level 3. HP: 16/28 MP: 6/8
  2043 | D:2      | Learned a level 3 spell: Spider Form
  3153 | D:2      | Reached XP level 4. HP: 12/35 MP: 10/10
  3872 | D:2      | Reached skill level 1 in Poison Magic
  3874 | D:2      | Learned a level 1 spell: Pain
  5001 | D:3      | Noticed Purgy
  5014 | D:3      | Killed Purgy
  5015 | D:3      | Reached XP level 5. HP: 28/41 MP: 8/11
  5298 | D:3      | Found a runed translucent gate.
  5300 | D:3      | Found a runed translucent gate.
  5445 | D:3      | Found a runed translucent gate.
  5445 | D:3      | Noticed paps's ghost (amateur DsGl)
  5446 | D:3      | Noticed GenialerGandalf's ghost (weakling HOFi)
  5653 | D:3      | Reached skill level 1 in Necromancy
  5879 | D:4      | Noticed Blork the orc
  5888 | D:4      | Killed Blork the orc
  5889 | D:4      | Reached XP level 6. HP: 37/48 MP: 10/13
  5999 | D:4      | Noticed Pikel
  6022 | D:4      | Killed Pikel
  6023 | D:4      | Reached skill level 1 in Armour
  6023 | D:4      | Reached skill level 4 in Unarmed Combat
  6023 | D:4      | Reached XP level 7. HP: 32/56 MP: 9/15
  6085 | D:4      | Found a glowing drain.
  6117 | Sewer    | Entered a sewer
  6652 | D:4      | Reached skill level 5 in Unarmed Combat
  6694 | D:4      | Noticed Edmund
  6707 | D:4      | Succumbed to Edmund's poison

Illustrated notes

Levels and vault maps discovered:
D:1:      dpeg_arrival_arbitrary_a, layout_basic, minmay_misc_feat_rugged
D:2:      minmay_chambers_of_twos, layout_basic
D:3:      layout_basic, nicolae_overflow_crystal_walls,
          gammafunk_ghost_cemetery, uniq_purgy
D:4:      layout_basic, lemuel_coloured_pillars_altar, portal_sewer_entry_a,
          interstate_on_off, minmay_bent, uniq_edmund, uniq_pikel,
          uniq_blork_the_orc

Skill      XL: |  1  2  3  4  5  6  7 |
---------------+----------------------+-----
Unarmed Combat | 3 4 5 |  5.0
Fighting       | 1 2 3 |  3.0
Spellcasting   | 2 3 |  3.9
Transmutations | 2 3 |  3.5
Dodging        | 2 |  2.5
Poison Magic   | 1 2 |  2.6
Necromancy     | 1 2 |  2.3
Armour         | 1 |  1.3
Stealth        | |  0.3

Action                   |  1- 3 |  4- 6 |  7- 9 || total
-------------------------+-------+-------+-------++-------
Melee: Unarmed           |   160 |   115 |    83 ||   358
       Headbutt          |    18 |     4 |     1 ||    23
       Kick              |    19 |     5 |     3 ||    27
       Punch             |     2 |       |       ||     2
 Cast: Beastly Appendage |    22 |     6 |     1 ||    29
       Spider Form       |     2 |     5 |     7 ||    14
       Pain              |       |    29 |     1 ||    30
  Use: Scroll            |       |       |     5 ||     5
 Stab: Sleeping          |     1 |       |       ||     1
Armor: Robe              |    22 |     6 |       ||    28
       Skin              |     2 |     4 |     8 ||    14
       Troll leather arm |       |    10 |     1 ||    11
Dodge: Dodged            |   118 |    92 |   102 ||   312

Table legend: (Time is in decaauts)
 A = Elapsed time spent in this place.
 B = Non-inter-level travel time spent in this place.
 C = Inter-level travel time spent in this place.
 D = Time resting spent in this place.
 E = Time spent auto-exploring this place.
 F = Levels seen in this place.
 G = Mean time per level.
                   A        B        C        D        E       F      G
               +--------+--------+--------+--------+--------+-----+--------+
         Total |   6688 |   6576 |    112 |   1676 |   4053 |   5 | 1337.6 |
       Dungeon |   6443 |   6331 |    112 |   1531 |   4004 |   4 | 1610.8 |
         Sewer |    245 |    245 |      0 |    145 |     49 |   1 |  245.0 |
               +--------+--------+--------+--------+--------+-----+--------+

Top non-repeatable levels by time:
     D:2: 2359 daAuts
     D:1: 1964 daAuts
     D:3: 1521 daAuts
     D:4: 598 daAuts
   Sewer: 245 daAuts
